 Dungeon Crawl Stone Soup version 0.27-a0-1196-g3e9cee4cb2 (webtiles) character file.

Game seed: 9840030347340204177

240 mordus the Conjurer (level 5, 0/38 HPs)
             Began as a Draconian Conjurer on May 27, 2021.
             Slain by a bullfrog (4 damage)
             ... in a sewer on May 28, 2021.
             The game lasted 00:15:42 (4581 turns).

mordus the Conjurer (Draconian Conjurer)            Turns: 4581, Time: 00:15:43

Health: 0/38       AC:  5    Str:  9    XL:     5   Next: 79%
Magic:  10/19      EV: 11    Int: 20    God:
Gold:   193        SH:  3    Dex:  9    Spells: 4/11 levels left

rFire    . . .     SeeInvis .   a - staff of air
rCold    . . .     Faith    .   g - +0 buckler
rNeg     . . .     Spirit   .   (armour unavailable)
rPois    .         Reflect  .   (helmet restricted)
rElec    +         Harm     .   (no cloak)
rCorr    .         Rampage  .   (no gloves)
Will     .....                  (no boots)
Stlth    +.........             (no amulet)
HPRegen  0.12/turn              l - ring of magical power
MPRegen  0.16/turn              (no ring)

@: very slow
A: AC +5, unfitting armour, cold-blooded
a: no special abilities


You were in a sewer.
You visited 1 branch of the dungeon, and saw 4 of its levels.
You also visited: Sewer.

You collected 193 gold pieces.

Inventory:

Armour
 g - a +0 buckler (worn)
Magical Staves
 a - a staff of air (weapon)
Jewellery
 l - a ring of magical power (left hand)
Scrolls
 c - 3 scrolls of identify {unknown}
 e - 2 scrolls of fear {unknown}
 h - a scroll of brand weapon {unknown}
 i - a scroll of amnesia {unknown}
 j - a scroll of holy word {unknown}
 k - 4 scrolls of teleportation {unknown}
 o - a scroll of fog {unknown}
 p - a scroll of magic mapping {unknown}
 q - a scroll of blinking {unknown}
Potions
 b - a potion of flight {unknown}
 d - a potion of curing {unknown}
 f - 3 potions of might {unknown}
 m - a potion of haste {unknown}
 n - 2 potions of heal wounds {unknown}


   Skills:
 + Level 1.7 Staves
 - Level 1.8 Dodging
 - Level 1.8 Stealth
 + Level 1.7 Shields
 * Level 3.6 Spellcasting
 * Level 5.4 Conjurations


You had 4 spell levels left.
You knew the following spells:

 Your Spells              Type           Power      Damage    Failure   Level
a - Magic Dart            Conj           100%       1d8       1%          1
b - Searing Ray           Conj           50%        3d5       3%          2
c - Fulminant Prism       Conj/Hex       7%         3d7       50%         4

Your spell library contained the following spells:

 Spells                   Type           Power      Damage    Failure   Level
 Dazzling Flash           Conj/Hex       28%        N/A       17%         3
 Iskenderun's Mystic Bla  Conj/Tloc      14%        2d5       50%         4


Dungeon Overview and Level Annotations

Branches:
Dungeon (4/15)              Sewer (1/1)
 Temple: D:4-7

Altars:


Innate Abilities, Weirdness & Mutations

Your plain brown scales are hard. (AC +5)
You cannot fit into any form of body armour.
You are cold-blooded and may be slowed by cold attacks.


Message History

You kill the ball python!
You finish channeling your searing ray.
The bullfrog hits you. The ball python bites you.
The ball python constricts you. The bullfrog barely misses you.
You block the bullfrog's attack.
The ball python bites you but does no damage.
The ball python constricts you.
You escape the ball python's grasp.
The bullfrog closely misses you.
You enter the shallow water.
Moving in this stuff is going to be slow.
The bullfrog hits you but does no damage.
The bullfrog hits you. The ball python bites you.
The ball python closely misses you.
The bullfrog hits you but does no damage.
The bullfrog hits you.
The ball python bites you but does no damage.
The ball python closely misses you.
Your magical contamination has completely faded away.
The bullfrog snags a nearby baby bat with its tongue.
The bullfrog completely misses you.
The bullfrog hits you but does no damage.
The bullfrog barely misses you.
The ball python bites you but does no damage.
The ball python barely misses you. The bullfrog barely misses you.
The bullfrog hits you.
The ball python bites you but does no damage.
The ball python grabs you. The ball python constricts you.
The bullfrog hits you but does no damage.
The bullfrog closely misses you.
The ball python bites you but does no damage.
The ball python constricts you.
You escape the ball python's grasp.
The bullfrog hits you.
* * * LOW HITPOINT WARNING * * *
The bullfrog hits you but does no damage.
The bullfrog closely misses you. The bullfrog hits you.
* * * LOW HITPOINT WARNING * * *
The ball python barely misses you. You block the ball python's attack.
The bullfrog hits you.
* * * LOW HITPOINT WARNING * * *
The bullfrog hits you.
You die...

#≈#†≈≈≈# #≈≈≈≈≈≈#
#≈≈≈≈≈≈# #≈≈≈≈≈≈#
#≈.≈≈≈≈# #≈≈≈≈≈≈#
#≈.≈≈≈≈# ##≈≈≈≈##
#≈≈≈≈≈≈# #≈≈(.≈≈#
#≈≈≈≈≈≈# ##≈≈≈≈≈#
#≈≈≈≈≈≈# #≈≈≈≈≈≈#
#≈≈FFS≈# #≈≈≈≈≈≈#
#≈≈≈@≈≈# #≈≈†≈≈≈#
#≈≈≈≈≈≈# #≈≈÷†≈≈#
#≈≈≈≈≈≈##### #≈≈≈≈≈≈#
##≈≈≈≈.##..# #.≈≈≈≈.#
#......##..###......#
##......##'##......##
#.........#.......#
##...............##
####.........####


You could see 2 bullfrogs and a ball python.

Vanquished Creatures
  An orc wizard (D:4)
  A hound skeleton (D:4)
  5 adders
  3 river rats
  A worm (D:4)
  2 dart slugs (D:1)
  3 orcs
  24 ball pythons
  10 endoplasms
  3 giant cockroaches
  10 hobgoblins
  4 jackals
  2 quokkas (D:2)
  10 bats
  4 frilled lizards (D:1)
  10 goblins
  3 kobolds
  31 rats
127 creatures vanquished.

Notes
Turn   | Place    | Note
-------+----------+-------------------------------------------
     0 | D:1      | mordus the Draconian Conjurer began the quest for the Orb.
     0 | D:1      | Reached XP level 1. HP: 14/14 MP: 3/3
   215 | D:1      | Reached XP level 2. HP: 8/20 MP: 1/5
   418 | D:1      | Learned a level 2 spell: Searing Ray
   471 | D:1      | Found a faded altar of an unknown god.
  1246 | D:1      | Reached XP level 3. HP: 26/26 MP: 2/6
  2201 | D:2      | Reached skill level 1 in Staves
  2219 | D:2      | Reached XP level 4. HP: 29/33 MP: 1/8
  2936 | D:3      | Reached skill level 1 in Shields
  3716 | D:4      | Reached skill level 5 in Conjurations
  3819 | D:4      | Reached XP level 5. HP: 38/38 MP: 9/9
  3824 | D:4      | Learned a level 4 spell: Fulminant Prism
  3943 | D:4      | Found a glowing drain.
  3996 | Sewer    | Entered a sewer
  4581 | Sewer    | Slain by a bullfrog

Illustrated notes

Levels and vault maps discovered:
D:1:      dpeg_arrival_ternary, layout_basic,
          hellmonk_ecumenical_altar_heavens_door, minmay_door_square
D:2:      cheibrodos_greedy_goblins, layout_basic
D:3:      layout_loops_corners
D:4:      layout_cave_pods, kennysheep_mini_moat, portal_sewer_entry_e,
          minmay_mini_ossuary
Sewer:    sewer_minmay_w

Skill      XL: |  1  2  3  4 |
---------------+-------------+-----
Staves         | 1 |  1.7
Shields        | 1 |  1.7
Spellcasting   | 3 |  3.6
Conjurations   | 5 |  5.4
Dodging        | |  1.8
Stealth        | |  1.8

Action                   |  1- 3 |  4- 6 || total
-------------------------+-------+-------++-------
Melee: Unarmed           |    11 |       ||    11
       Staff             |    17 |    22 ||    39
       Tailslap          |     1 |       ||     1
 Cast: Magic Dart        |    67 |   120 ||   187
       Searing Ray       |     3 |     7 ||    10
 Stab: Sleeping          |     1 |       ||     1
Armor: Skin              |    15 |    31 ||    46
Dodge: Dodged            |    16 |    39 ||    55
Block: Buckler           |     2 |    14 ||    16

Table legend: (Time is in decaauts)
 A = Elapsed time spent in this place.
 B = Non-inter-level travel time spent in this place.
 C = Inter-level travel time spent in this place.
 D = Time resting spent in this place.
 E = Time spent auto-exploring this place.
 F = Levels seen in this place.
 G = Mean time per level.
                   A        B        C        D        E       F      G
               +--------+--------+--------+--------+--------+-----+--------+
         Total |   4664 |   4614 |     50 |   1180 |   2583 |   5 |  932.8 |
       Dungeon |   4006 |   3956 |     50 |    867 |   2583 |   4 | 1001.5 |
         Sewer |    657 |    657 |      0 |    313 |      0 |   1 |  657.0 |
               +--------+--------+--------+--------+--------+-----+--------+

Top non-repeatable levels by time:
     D:1: 1424 daAuts
     D:2: 1113 daAuts
     D:3: 1055 daAuts
   Sewer: 657 daAuts
     D:4: 413 daAuts
